 Dungeon Crawl Stone Soup version 0.23.2-42-gf373564dc4 (webtiles) character file.

Game seed: 16728328179949366627

12602 sd5bot the Blocker (level 11, -4/71 HPs)
             Began as a Gargoyle Berserker on Dec 5, 2019.
             Was an Elder of Trog.
             Slain by a death yak (8 damage)
             ... on level 10 of the Dungeon.
             The game lasted 00:08:13 (10103 turns).

sd5bot the Blocker (Gargoyle Berserker)            Turns: 10103, Time: 00:08:14

Health: -4/71      AC: 20    Str: 26    XL:     11   Next: 95%
Magic:  0/11       EV:  7    Int:  8    God:    Trog [****..]
Gold:   420        SH: 13    Dex:  9    Spells: 10/10 levels left

rFire    . . .     SeeInvis .   Y - +2 hand axe (flame)
rCold    . . .     Gourm    .   a - +0 shield
rNeg     + . .     Faith    .   g - +0 plate armour
rPois    ∞         Spirit   +   (no helmet)
rElec    +         Reflect  .   n - scarf {Spirit}
rCorr    .         Harm     .   (no gloves)
MR       .....                  (no boots)
Stlth    ..........             t - amulet of regeneration
HPRegen  0.61/turn              j - +2 ring of strength
MPRegen  0.12/turn              (no ring)

@: berserk cooldown, slowed, very slow
A: negative energy resistance 1, electricity resistance, unbreathing,
petrification resistance, rot immunity, AC +8
a: Berserk, Trog's Hand, Brothers in Arms, Renounce Religion


You were on level 10 of the Dungeon.
You worshipped Trog.
Trog was greatly pleased with you.
You were very hungry.

You visited 1 branch of the dungeon, and saw 10 of its levels.

You collected 420 gold pieces.


Innate Abilities, Weirdness & Mutations

You are resistant to torment.
Your stone body is resilient. (AC +8)
You are immune to poison.
You resist negative energy. (rN+)
You are resistant to electric shocks. (rElec)
You can survive without breathing.
You are immune to petrification.
You are immune to rotting.


   Skills:
 - Level 9.0 Fighting
 + Level 10.4 Axes
 - Level 6.2 Armour
 - Level 2.2 Dodging
 - Level 12.4 Shields


You had 10 spell levels left.
You didn't know any spells.
Your spell library was empty.

Inventory:

Hand Weapons
 Y - a +2 hand axe of flaming (weapon)
Armour
 a - a +0 shield (worn)
 g - a +0 plate armour (worn)
 n - a scarf of spirit shield (worn)
Jewellery
 j - a +2 ring of strength (left hand)
 t - an amulet of regeneration (around neck)
Wands
 d - a wand of clouds (3)
Scrolls
 f - 6 scrolls of remove curse
 k - a scroll of identify
Potions
 b - 5 potions of curing
 i - a potion of cancellation
 l - a potion of resistance
 m - a potion of mutation
 p - a potion of agility {unknown}
 q - a potion of ambrosia {unknown}
 s - a potion of magic {unknown}
Comestibles
 e - 8 rations
 h - a chunk of flesh

Dungeon Overview and Level Annotations

Branches:
Dungeon (10/15)            Temple (0/1) D:5
   Lair: D:8-11         Orc: D:9-12

Altars:
Ashenzari
Cheibriados
Dithmenos
Elyvilon
Fedhas
Nemelex Xobeh
Okawaru
Sif Muna
Trog
Uskayaw
Xom
Zin
The Shining One

Annotations:
D:8 2 transporters, caleiya's ghost, novice GrFi
D:10 Josephine


Message History

You burn the death yak. You hit the death yak but do no damage.
You hit the wraith but do no damage. You hit the death yak.
You burn the death yak. You block the wraith's attack. The death yak gores you.
The death yak gores your ogre!! The death yak gores you.
The death yak gores you but does no damage.
You block the death yak's attack. You block Josephine's attack.
Your ogre closely misses the death yak.
You hit the death yak but do no damage.
The death yak is almost dead.
You closely miss Josephine.
Your shield and plate armour prevent you from hitting the death yak.
You barely miss the death yak. You hit the wraith. You burn the wraith.
You hit the death yak but do no damage. The wraith completely misses you.
Your ogre hits the death yak with a +0 giant club!
The death yak dies!
Trog accepts your kill. The death yak gores you!
You die...

#.............#
#.............#
#.............
#..<..........
#..........#
#.....)....#
#....))....#
######.)%O.#
#.Y@@Y#


#.WYYW# #...YH.# #.....W.. #.....#.... #.....'.... ......#.... .......####. You
could see 5 death yaks, Josephine, a hippogriff, 3 wraiths and a friendly ogre
(berserk).

Vanquished Creatures
  A spriggan (D:9)
  7 yaks
  A hungry ghost (D:9)
  Edmund (D:6)
  Menkaure (D:7)
  3 ice beasts
  2 sky beasts
  5 orc warriors
  A black bear (D:9)
  A phantom (D:8)
  5 ogres
  2 centaurs (D:7)
  A crocodile (D:9)
  3 big kobolds (D:8)
  3 bullfrogs
  4 scorpions
  A water moccasin skeleton (D:4)
  5 killer bees
  8 wights
  3 howler monkeys (D:8)
  2 bullfrog zombies
  3 crimson imps
  2 hounds
  4 orc priests
  3 jellies
  2 centaur skeletons
  2 iguanas
  12 orc wizards
  11 worker ants
  A hound skeleton (D:5)
  A worker ant zombie (D:5)
  15 adders
  4 shadow imps
  An ooze (D:6)
  3 adder skeletons
  5 worms
  A dart slug (D:2)
  3 leopard geckos
  20 orcs
  11 bats
  6 giant cockroaches
  13 goblins
  13 hobgoblins
  14 jackals
  23 kobolds
  2 quokkas
  3 frilled lizards
  2 leopard gecko skeletons
  A leopard gecko zombie (D:8)
  A quokka skeleton (D:4)
  9 rats
251 creatures vanquished.

Vanquished Creatures (collateral kills)
  2 death yaks (D:10)
2 creatures vanquished.

Vanquished Creatures (others)
  A troll (D:8)
  A centaur (D:8)
  A bullfrog (D:8)
  A wight (D:7)
  A leopard gecko (D:8)
  An orc (D:8)
  A quokka (D:8)
  A bat (D:1)
8 creatures vanquished.

Grand Total: 261 creatures vanquished

Notes
Turn   | Place    | Note
-------+----------+-------------------------------------------
     0 | D:1      | sd5bot the Gargoyle Berserker began the quest for the Orb.
     0 | D:1      | Reached XP level 1. HP: 14/14 MP: 1/1
     0 | D:1      | 0 ||| counter = 3
    65 | D:1      | Reached skill level 3 in Axes
    95 | D:1      | Reached XP level 2. HP: 19/19 MP: 2/2
   505 | D:1      | Reached XP level 3. HP: 20/23 MP: 3/3
   913 | D:1      | 913 ||| UPGRADING to ring mail.
   923 | D:1      | 923 ||| DROPPING +0 animal skin.
   924 | D:1      | 924 ||| UPGRADING to plate armour.
   934 | D:1      | 934 ||| DROPPING +0 ring mail.
   935 | D:1      | 935 ||| READING 2 scrolls labeled HEDIYN AFFY.
   936 | D:1      | 936 ||| READING 2 scrolls labeled SIUDDUA KACLUNUGGE.
   937 | D:1      | 937 ||| READING scroll labeled ZUPNEF VATAORGH.
   938 | D:1      | 938 ||| READING scroll of identify.
   938 | D:1      | 938 ||| IDENTIFYING moonstone ring
   939 | D:1      | 939 ||| UPGRADING to +2 ring of strength.
   993 | D:2      | 993 ||| STAIRDANCE
  1277 | D:2      | 1277 ||| INVOKING Berserk.
  1280 | D:2      | Reached XP level 4. HP: 28/28 MP: 4/4
  1284 | D:2      | Reached ** piety under Trog
  1327 | D:2      | Found a blossoming altar of Fedhas.
  1852 | D:2      | 1852 ||| READING scroll labeled VOUSAUCEGO.
  2083 | D:3      | 2083 ||| EATING 5 rations.
  2191 | D:3      | 2191 ||| STAIRDANCE
  2218 | D:2      | 2218 ||| UPGRADING to sapphire ring.
  2219 | D:2      | 2219 ||| REMOVING ring of wizardry.
  2220 | D:2      | 2220 ||| DROPPING ring of wizardry.
  2221 | D:2      | 2221 ||| READING 3 scrolls labeled QAZOME HATAS.
  2222 | D:2      | 2222 ||| READING scroll labeled LEOTAYPPAD.
  2223 | D:2      | 2223 ||| DRINKING 3 viscous yellow potions.
  2224 | D:2      | 2224 ||| READING 2 scrolls of identify.
  2224 | D:2      | 2224 ||| IDENTIFYING glowing green potion
  2225 | D:2      | 2225 ||| DROPPING potion of invisibility.
  2226 | D:2      | 2226 ||| DROPPING 2 scrolls of magic mapping.
  2227 | D:2      | 2227 ||| DROPPING 2 potions of flight.
  2297 | D:3      | Found a glowing silver altar of Zin.
  2563 | D:3      | Reached XP level 5. HP: 31/32 MP: 5/5
  2571 | D:3      | 2571 ||| STAIRDANCE
  2611 | D:2      | 2611 ||| READING scroll labeled ANIMACIOMP.
  2612 | D:2      | 2612 ||| READING scroll labeled FISCHA JOPSO.
  2613 | D:2      | 2613 ||| READING 2 scrolls of identify.
  2613 | D:2      | 2613 ||| IDENTIFYING fizzy blue potion
  2625 | D:3      | 2625 ||| STAIRDANCE
  2794 | D:3      | Found a hide-covered altar of Uskayaw.
  2795 | D:3      | Found an iron altar of Okawaru.
  2795 | D:3      | Found a white marble altar of Elyvilon.
  2799 | D:3      | Found a deep blue altar of Sif Muna.
  2852 | D:3      | Found a glowing golden altar of the Shining One.
  2934 | D:4      | Reached skill level 3 in Armour
  3045 | D:4      | Reached XP level 6. HP: 29/38 MP: 6/6
  3494 | D:4      | Found a shadowy altar of Dithmenos.
  3647 | D:4      | Reached skill level 6 in Axes
  3813 | D:4      | Reached *** piety under Trog
  3969 | D:4      | 3969 ||| INVOKING Berserk.
  3984 | D:4      | Reached XP level 7. HP: 43/43 MP: 7/7
  4060 | D:4      | 4060 ||| DROPPING +0 club.
  4255 | D:4      | 4255 ||| UPGRADING to glowing scarf.
  4260 | D:4      | 4260 ||| DRINKING 2 murky white potions.
  4284 | D:5      | Entered Level 5 of the Dungeon
  4284 | D:5      | Noticed a yak
  4284 | D:5      | Noticed a yak
  4284 | D:5      | Noticed a yak
  4284 | D:5      | Noticed a yak
  4285 | D:5      | 4285 ||| STAIRDANCE
  4319 | D:4      | 4319 ||| STAIRDANCE
  4425 | D:4      | 4425 ||| INVOKING Berserk.
  4427 | D:4      | Killed a yak
  4428 | D:4      | 4428 ||| STAIRDANCE
  4541 | D:3      | 4541 ||| EATING 6 rations.
  4595 | D:5      | 4595 ||| STAIRDANCE
  4610 | D:4      | 4610 ||| STAIRDANCE
  4646 | D:3      | 4646 ||| INVOKING Berserk.
  4651 | D:3      | Killed a yak
  4652 | D:3      | 4652 ||| STAIRDANCE
  4864 | D:5      | 4864 ||| INVOKING Berserk.
  4867 | D:5      | Killed a yak
  4867 | D:5      | Reached XP level 8. HP: 29/49 MP: 3/8
  4868 | D:5      | 4868 ||| STAIRDANCE
  4906 | D:4      | 4906 ||| STAIRDANCE
  4983 | D:3      | 4983 ||| EATING 5 rations.
  5150 | D:5      | 5150 ||| INVOKING Berserk.
  5439 | D:5      | Found a staircase to the Ecumenical Temple.
  5458 | D:5      | 5458 ||| INVOKING Berserk.
  5608 | D:5      | 5608 ||| INVOKING Berserk.
  5612 | D:5      | Reached skill level 6 in Fighting
  6162 | D:5      | 6162 ||| READING scroll labeled QOKAUF VOIXYT.
  6163 | D:5      | 6163 ||| READING scroll labeled SULOR ZUOCS.
  6164 | D:5      | 6164 ||| READING 2 scrolls of identify.
  6164 | D:5      | 6164 ||| IDENTIFYING coppery potion
  6214 | D:6      | Noticed Edmund
  6217 | D:6      | 6217 ||| INVOKING Berserk.
  6234 | D:6      | Killed Edmund
  6234 | D:6      | Reached skill level 9 in Axes
  6234 | D:6      | Reached XP level 9. HP: 55/55 MP: 9/9
  6235 | D:6      | 6235 ||| EATING 5 rations.
  6274 | D:6      | 6274 ||| DROPPING +0 flail.
  6660 | D:6      | 6660 ||| INVOKING Berserk.
  6773 | D:6      | 6773 ||| READING 2 scrolls labeled NIOGENL WAXITIQO.
  6774 | D:6      | 6774 ||| READING scroll of enchant weapon.
  6774 | D:6      | 6774 ||| ENCHANTING +1 hand axe.
  6775 | D:6      | 6775 ||| READING 2 scrolls of identify.
  6775 | D:6      | 6775 ||| IDENTIFYING orange potion
  6776 | D:6      | 6776 ||| DROPPING potion of lignification.
  6815 | D:7      | 6815 ||| STAIRDANCE
  6851 | D:7      | 6851 ||| STAIRDANCE
  6907 | D:6      | 6907 ||| STAIRDANCE
  7038 | D:7      | 7038 ||| STAIRDANCE
  7042 | D:6      | Reached **** piety under Trog
  7043 | D:6      | 7043 ||| EATING 4 rations.
  7046 | D:7      | 7046 ||| STAIRDANCE
  7057 | D:7      | 7057 ||| STAIRDANCE
  7675 | D:7      | Noticed Menkaure
  7683 | D:7      | Killed Menkaure
  7928 | D:7      | 7928 ||| INVOKING Berserk.
  7959 | D:7      | 7959 ||| EATING 4 rations.
  7985 | D:7      | 7985 ||| SWAPPING to +2 hand axe of flaming.
  7988 | D:7      | 7988 ||| DROPPING +5 flail of protection.
  7989 | D:7      | 7989 ||| DROPPING +2 hand axe.
  8172 | D:8      | Found a transporter.
  8178 | D:8      | Killed a troll
  8187 | D:8      | 8187 ||| INVOKING Berserk.
  8198 | D:8      | Reached skill level 6 in Armour
  8214 | D:8      | Reached XP level 10. HP: 35/65 MP: 7/10
  8421 | D:8      | Found a transporter.
  8422 | D:8      | Found a bloodstained altar of Trog.
  8422 | D:8      | Noticed caleiya's ghost (novice GrFi)
  8425 | D:8      | Noticed a moth of wrath
  8456 | D:8      | 8456 ||| STAIRDANCE
  8466 | D:7      | 8466 ||| UPGRADING to shield.
  8471 | D:7      | 8471 ||| UPGRADING to dented diamond amulet.
  8475 | D:8      | 8475 ||| STAIRDANCE
  8483 | D:7      | Reached skill level 1 in Shields
  8530 | D:8      | Reached skill level 2 in Shields
  8533 | D:8      | Reached skill level 3 in Shields
  8549 | D:8      | Found a shimmering altar of Xom.
  8573 | D:8      | 8573 ||| Stepping ~*~*~tactically~*~*~ (water).
  8621 | D:8      | Reached skill level 4 in Shields
  8635 | D:8      | 8635 ||| INVOKING Berserk.
  8646 | D:8      | Reached skill level 5 in Shields
  8648 | D:8      | Reached ***** piety under Trog
  8648 | D:8      | Received a gift from Trog
  8659 | D:8      | Reached skill level 6 in Shields
  8796 | D:8      | Found a snail-covered altar of Cheibriados.
  8891 | D:8      | 8891 ||| INVOKING Brothers in Arms.
  9018 | D:8      | 9018 ||| EATING 5 rations.
  9031 | D:8      | 9031 ||| READING scroll labeled QOPREP EMU.
  9032 | D:8      | 9032 ||| DRINKING 2 sedimented emerald potions.
  9070 | D:8      | 9070 ||| READING 2 scrolls of identify.
  9070 | D:8      | 9070 ||| IDENTIFYING inky potion
  9071 | D:8      | 9071 ||| DROPPING potion of degeneration.
  9072 | D:8      | 9072 ||| DROPPING potion of berserk rage.
  9150 | D:9      | 9150 ||| STAIRDANCE
  9160 | D:9      | 9160 ||| STAIRDANCE
  9165 | D:9      | 9165 ||| STAIRDANCE
  9167 | D:8      | 9167 ||| INVOKING Berserk.
  9309 | D:9      | Found a sparkling altar of Nemelex Xobeh.
  9422 | D:9      | 9422 ||| STAIRDANCE
  9436 | D:8      | 9436 ||| READING scroll labeled EBLURI VEOSEL.
  9511 | D:9      | Reached skill level 7 in Shields
  9512 | D:9      | 9512 ||| STAIRDANCE
  9574 | D:9      | 9574 ||| EATING 4 rations.
  9618 | D:9      | Found a shattered altar of Ashenzari.
  9658 | D:9      | Reached skill level 8 in Shields
  9663 | D:9      | 9663 ||| INVOKING Berserk.
  9924 | D:9      | Reached skill level 9 in Fighting
 10037 | D:9      | 10037 ||| READING 3 scrolls of identify.
 10037 | D:9      | 10037 ||| IDENTIFYING bubbling puce potion
 10038 | D:9      | 10038 ||| READING 2 scrolls of identify.
 10038 | D:9      | 10038 ||| IDENTIFYING fizzy red potion
 10039 | D:9      | 10039 ||| DRINKING potion of experience.
 10039 | D:9      | Reached skill level 12 in Shields
 10039 | D:9      | Reached XP level 11. HP: 71/71 MP: 11/11
 10058 | D:10     | Entered Level 10 of the Dungeon
 10078 | D:10     | Noticed a death yak
 10080 | D:10     | 10080 ||| INVOKING Berserk.
 10089 | D:10     | Noticed a death yak
 10092 | D:10     | Noticed a death yak
 10092 | D:10     | Noticed a death yak
 10093 | D:10     | Noticed a death yak
 10093 | D:10     | Noticed Josephine
 10095 | D:10     | 10095 ||| INVOKING Brothers in Arms.
 10096 | D:10     | 10096 ||| INVOKING Brothers in Arms.
 10096 | D:10     | Noticed a death yak
 10099 | D:10     | Noticed a death yak
 10100 | D:10     | Killed a death yak
 10100 | D:10     | HP: 17/71 [death yak (6)]
 10101 | D:10     | 10101 ||| DRINKING potion of heal wounds.
 10102 | D:10     | HP: 7/71 [death yak (4)]
 10102 | D:10     | HP: 3/71 [death yak (4)]
 10103 | D:10     | Killed a death yak
 10103 | D:10     | Slain by a death yak

Levels and vault maps discovered:
D:1:      sevenhm_arrival_forest_fort_small_4, layout_basic, lemuel_flame_loot_1
D:2:      layout_basic, old_standard_altar, first_ration
D:3:      cheibrodos_greedy_goblins, layout_loops_ring, minitemple,
          nicolae_overflow_crystal_walls, nicolae_tso_swordbearing_angel
D:4:      layout_basic, grunt_dithmenos_smoke_and_mirrors
D:5:      layout_cave_pods, minmay_temple_entry_butterflies
D:6:      layout_gridville, uniq_edmund
D:7:      layout_basic, uniq_menkaure
D:8:      layout_basic, cheibriados_altar_1, gammafunk_ghost_wrathful_warriors,
          xom_confusion_cloud
D:9:      layout_rooms, evilmike_ruin_ashenzari, nemelex_altar_shiori,
          the_bakery
D:10:     layout_irregular_city, dpeg_lair_monsters, erik_orc_1, basic_altar,
          serial_shops, kennysheep_little_box, nicolae_shop_statue_plus, shop,
          shop, shop, nrook_mini_vaults, st_stairs_13,
          kennysheep_generic_room_6, uniq_josephine

Skill      XL: |  1  2  3  4  5  6  7  8  9 10 |
---------------+-------------------------------+-----
Axes           | 3 4 5 6 7 9 10 | 10.4
Armour         | 3 4 6 |  6.2
Fighting       | 4 5 6 8 9 |  9.0
Shields        | 12 | 12.4
Dodging        | 2 |  2.2

Action                   |  1- 3 |  4- 6 |  7- 9 | 10-12 || total
-------------------------+-------+-------+-------+-------++-------
Melee: Hand axe          |   140 |   263 |   446 |   267 ||  1116
Invok: Berserk           |     1 |     1 |    10 |     4 ||    16
       Brothers in Arms  |       |       |       |     2 ||     2
  Use: Scroll            |     4 |     7 |     6 |     5 ||    22
       Potion            |       |     1 |     1 |     3 ||     5
  Eat: Chunk             |     1 |     7 |     7 |     6 ||    21
       Ration            |       |     1 |     5 |     2 ||     8
Armor: Animal skin       |    40 |       |       |       ||    40
       Plate armour      |    32 |   184 |   291 |   131 ||   638
Dodge: Dodged            |    96 |    82 |   138 |    47 ||   363
Block: Shield            |       |       |       |   131 ||   131

Table legend:
 A = Non-vault XP
 B = Vault XP
 C = Vault XP percentage of total XP
 D = Non-vault monster count
 E = Vault monster count
 F = Vault count percentage of total count
                 A         B        C        D         E       F
            +---------+---------+-------+---------+---------+-------
      Total |    7777 |    1875 |  19.4 |     230 |      24 |   9.4
            +---------+---------+-------+---------+---------+-------
        D:1 |      46 |       0 |   0.0 |      29 |       0 |   0.0
        D:2 |      76 |       6 |   7.3 |      20 |       3 |  13.0
        D:3 |     239 |      23 |   8.8 |      12 |      12 |  50.0
        D:4 |     700 |       0 |   0.0 |      26 |       0 |   0.0
        D:5 |    1066 |       0 |   0.0 |      24 |       0 |   0.0
        D:6 |     648 |     176 |  21.4 |      18 |       1 |   5.3
        D:7 |    1214 |     172 |  12.4 |      26 |       1 |   3.7
        D:8 |    2075 |     333 |  13.8 |      41 |       4 |   8.9
        D:9 |    1437 |     220 |  13.3 |      24 |       1 |   4.0
       D:10 |     276 |     945 |  77.4 |      10 |       2 |  16.7
            +---------+---------+-------+---------+---------+-------
